 Dungeon Crawl Stone Soup version 0.29.0-4-gdea44cf6ec (webtiles) character file.

Game seed: 4990316481018385250

1740 qw the Cleaver (level 9, -5/55 HPs)
             Began as a Gargoyle Fighter on Sept 6, 2022.
             Was an Initiate of Okawaru.
             Slain by an ice beast (12 damage)
             ... on level 6 of the Dungeon.
             The game lasted 00:02:16 (5536 turns).

qw the Cleaver (Gargoyle Fighter)                   Turns: 5536, Time: 00:02:17

Health: -5/55      AC: 22    Str: 24    XL:     9   Next: 5%
Magic:  9/9        EV:  8    Int:  9    God:    Okawaru [......]
Gold:   292        SH:  4    Dex:  9    Spells: 8/8 levels left

rFire   . . .      SeeInvis .   Y - +2 war axe (vorpal)
rCold   . . .      Faith    .   c - +0 buckler
rNeg    + . .      Spirit   .   f - +0 chain mail
rPois   inf        Reflect  .   i - +0 helmet
rElec   +          Harm     .   j - +0 cloak
rCorr   .          Rampage  .   (no gloves)
Will    .....                   (no boots)
Stlth   ..........              (no amulet)
HPRegen 0.18/turn               m - +4 ring of protection
MPRegen 0.11/turn               (no ring)

@: no status effects
A: sickness immunity, AC +6, negative energy resistance 1, electricity
resistance, torment resistance 1, petrification resistance
a: Renounce Religion


You were on level 6 of the Dungeon.
You worshipped Okawaru.
Okawaru was noncommittal.
You visited 2 branches of the dungeon, and saw 7 of its levels.

You collected 292 gold pieces.


Innate Abilities, Weirdness & Mutations

You are immune to sickness and miasma.
Your stone body is resilient. (AC +6)
You are immune to poison.
You resist negative energy. (rN+)
You are resistant to electric shocks. (rElec)
You are resistant to unholy torment.
You are immune to petrification.


   Skills:
 + Level 5.8 Fighting
 - Level 8.9 Axes
 - Level 1.7 Throwing
 - Level 4.2 Armour
 - Level 1.7 Dodging
 - Level 3.2 Shields


You had 8 spell levels left.
You didn't know any spells.
Your spell library was empty.

Inventory:

Hand Weapons
 e - a +0 morningstar
 Y - a +2 vorpal war axe (weapon)
Missiles
 a - 2 boomerangs (quivered)
Armour
 c - a +0 buckler (worn)
 f - a +0 chain mail (worn)
 i - a +0 helmet (worn)
 j - a +0 cloak (worn)
Jewellery
 k - an amulet of the acrobat
 m - a +4 ring of protection (left hand)
Scrolls
 h - a scroll of blinking
 n - a scroll of identify
Potions
 b - a potion of mutation
 d - a potion of might
 g - a potion of cancellation {unknown}
 l - a potion of curing {unknown}

Dungeon Overview and Level Annotations

Branches:
Dungeon (6/15)             Temple (1/1) D:5

Altars:
Ashenzari
Cheibriados
Dithmenos
Fedhas
Okawaru
Qazlal
Ru
Sif Muna
Vehumet
Zin

Shops:
D:1 [

Annotations:
D:4 3 runed translucent doors, qw's ghost, amateur FoCA


Message History

The ice beast hits you but does no damage.
You barely miss the ice beast.
The ice beast is heavily wounded.
The gnoll sergeant barely misses you.
The ice beast hits you but does no damage.
You hit the ice beast but do no damage.
The ice beast is heavily wounded.
The gnoll sergeant hits you but does no damage.
The ice beast hits you but does no damage.
You hit the ice beast.
The ice beast is severely wounded.
The ice beast hits you but does no damage.
The gnoll sergeant hits you but does no damage.
You hit the ice beast but do no damage.
The ice beast is severely wounded.
The ice beast closely misses you.
The gnoll sergeant hits you but does no damage.
You closely miss the ice beast.
The ice beast is severely wounded.
The ice beast hits you. The ice beast freezes you.
You block the gnoll sergeant's attack.
You hit the ice beast but do no damage.
The ice beast is severely wounded.
The ice beast hits you but does no damage.
The gnoll sergeant hits you but does no damage.
You closely miss the ice beast.
The ice beast is severely wounded.
The ice beast barely misses you.
The gnoll sergeant hits you but does no damage.
You barely miss the ice beast.
The ice beast is severely wounded.
The ice beast hits you but does no damage.
The gnoll sergeant hits you from afar with a +2 spear of venom!
The gnoll sergeant hits you from afar with a +2 spear of venom.
The ice beast hits you. The ice beast freezes you!
You hit the ice beast but do no damage.
The ice beast is severely wounded.
The gnoll sergeant closely misses you. The ice beast hits you.
The ice beast freezes you!
You die...

#..# #..............
#..###.#.....)......
#+####...##..............
#........####............
##........###....<.......
...#....#..###...........
#. ##...#...##...........
# #.........#...........
#..7..@.g...##.........
#....77#Y#7...####......#
###.. #h##...# ########
## .Y.+. ## #.# #+#


You could see 2 ice beasts, a gnoll sergeant and a hound.

Vanquished Creatures
  Pikel (D:5)
  Menkaure (D:5)
  A sky beast (D:5)
  A black bear (D:5)
  A centaur (D:5)
  An ogre (D:6)
  2 lemures (D:5)
  A necrophage (D:5)
  A scorpion (D:5)
  3 howler monkeys
  A hound (D:5)
  A jelly (D:4)
  4 orc priests
  Jessica (D:2)
  4 iguanas
  An orc wizard (D:3)
  Robin (D:2)
  3 gnolls (D:5)
  6 adders
  2 shadow imps (D:6)
  A white imp (D:6)
  A worm (D:2)
  4 dart slugs
  22 orcs
  6 bats
  11 endoplasms
  2 giant cockroaches (D:2)
  8 hobgoblins
  6 jackals
  4 quokkas
  8 ball pythons
  4 frilled lizards
  10 goblins
  7 kobolds
  10 rats
141 creatures vanquished.

Notes
Turn   | Place    | Note
-------+----------+-------------------------------------------
     0 | D:1      | qw the Gargoyle Fighter began the quest for the Orb.
     0 | D:1      | Reached XP level 1. HP: 14/14 MP: 1/1
     0 | D:1      | 0 ||| qw: Version: 0.1-a-108-g9e35731
     0 | D:1      | 0 ||| qw: Game counter: 6408
     0 | D:1      | 0 ||| qw: Always use a shield: true
     0 | D:1      | 0 ||| qw: God list: Okawaru
     0 | D:1      | 0 ||| qw: Allow faded altars: false
     0 | D:1      | 0 ||| qw: Do Orc after D:15 true
     0 | D:1      | 0 ||| qw: Do second Lair branch before Depths: true
     0 | D:1      | 0 ||| qw: Lair rune preference: random
     0 | D:1      | 0 ||| qw: Plans: Normal, Zot, God:TSO, Crypt, Tomb, Zig,
                  | Orb
     0 | D:1      | 0 ||| PLANNING D:1-11
    38 | D:1      | Found Taweleot's Antique Armour Emporium.
    43 | D:1      | 43 ||| SHOPLISTING cloak (112 gold, have 4).
    43 | D:1      | 43 ||| SHOPLISTING shiny ring mail (175 gold, have 4).
    62 | D:1      | Reached skill level 2 in Axes
   258 | D:1      | Reached XP level 2. HP: 18/19 MP: 2/2
   617 | D:1      | 617 ||| Stepping ~*~*~tactically~*~*~ (hiding).
   618 | D:1      | 618 ||| Stepping ~*~*~tactically~*~*~ (hiding).
   738 | D:1      | Reached skill level 3 in Axes
   818 | D:1      | Found a faded altar of an unknown god.
   992 | D:1      | Reached XP level 3. HP: 23/23 MP: 3/3
  1003 | D:1      | 1003 ||| UPGRADING to +0 cloak.
  1008 | D:1      | 1008 ||| READING scroll labelled IXUYPH DEWAU.
  1009 | D:1      | 1009 ||| READING scroll labelled IVVULA IZAZ.
  1010 | D:1      | 1010 ||| READING scroll labelled ETANTUZXAO.
  1011 | D:1      | 1011 ||| READING scroll labelled AFUAPT DUNUESK.
  1012 | D:1      | 1012 ||| READING scroll labelled ZAIMPA RUGI.
  1038 | D:2      | Noticed Jessica
  1041 | D:2      | Killed Jessica
  1178 | D:2      | 1178 ||| Stepping ~*~*~tactically~*~*~ (hiding).
  1181 | D:2      | Reached XP level 4. HP: 28/28 MP: 4/4
  1340 | D:2      | Reached skill level 4 in Axes
  1419 | D:2      | 1419 ||| Stepping ~*~*~tactically~*~*~ (water).
  1449 | D:2      | 1449 ||| DROPPING +0 club.
  1786 | D:2      | Noticed Robin
  1795 | D:2      | Killed Robin
  2096 | D:2      | 2096 ||| UPGRADING to +0 helmet.
  2101 | D:2      | 2101 ||| READING scroll labelled LACSEUPLIB.
  2102 | D:2      | 2102 ||| READING scroll labelled YHIUN NERGHO.
  2103 | D:2      | 2103 ||| READING scroll labelled OGRUMU LOACEVA.
  2140 | D:3      | Found a stormy altar of Qazlal.
  2181 | D:3      | Reached XP level 5. HP: 18/32 MP: 5/5
  2316 | D:3      | 2316 ||| DROPPING +0 whip.
  2781 | D:3      | Reached skill level 5 in Axes
  3235 | D:3      | 3235 ||| UPGRADING to +0 chain mail.
  3245 | D:3      | 3245 ||| DROPPING +0 scale mail.
  3246 | D:3      | 3246 ||| DRINKING 2 pink potions.
  3315 | D:4      | Identified the +0 robe of the Tundras {rCorr Dex+7
                  | Archmagi}
  3379 | D:4      | Reached XP level 6. HP: 14/38 MP: 6/6
  3603 | D:4      | 3603 ||| Stepping ~*~*~tactically~*~*~ (hiding).
  3617 | D:4      | 3617 ||| FLEEEEING.
  3618 | D:4      | 3618 ||| FLEEEEING.
  3619 | D:4      | 3619 ||| FLEEEEING.
  3621 | D:4      | 3621 ||| FLEEEEING.
  3622 | D:4      | 3622 ||| FLEEEEING.
  3623 | D:4      | 3623 ||| FLEEEEING.
  3624 | D:4      | 3624 ||| FLEEEEING.
  3628 | D:4      | 3628 ||| FLEEEEING.
  3629 | D:4      | 3629 ||| FLEEEEING.
  3630 | D:4      | 3630 ||| FLEEEEING.
  3631 | D:4      | 3631 ||| FLEEEEING.
  3635 | D:4      | 3635 ||| FLEEEEING.
  3636 | D:4      | 3636 ||| FLEEEEING.
  3656 | D:4      | Reached skill level 6 in Axes
  3844 | D:4      | Found a runed translucent gate.
  3845 | D:4      | Found a runed translucent gate.
  3846 | D:4      | Found a runed translucent gate.
  3852 | D:4      | Noticed qw's ghost (amateur FoCA)
  4058 | D:4      | 4058 ||| DROPPING +6 ring of intelligence.
  4059 | D:4      | 4059 ||| UPGRADING to +4 ring of protection.
  4060 | D:4      | 4060 ||| READING 2 scrolls labelled HESYDI JOCAOS.
  4061 | D:4      | 4061 ||| READING scroll of enchant weapon.
  4061 | D:4      | 4061 ||| ENCHANTING +1 vorpal war axe.
  4062 | D:4      | 4062 ||| READING scroll labelled FUZXYH FOUNUEW.
  4088 | D:5      | Entered Level 5 of the Dungeon
  4095 | D:5      | Reached skill level 1 in Dodging
  4095 | D:5      | Reached XP level 7. HP: 43/43 MP: 7/7
  4133 | D:5      | Noticed Menkaure
  4134 | D:5      | 4134 ||| Stepping ~*~*~tactically~*~*~ (hiding).
  4140 | D:5      | Killed Menkaure
  4242 | D:5      | 4242 ||| Stepping ~*~*~tactically~*~*~ (stealth).
  4244 | D:5      | 4244 ||| Stepping ~*~*~tactically~*~*~ (hiding).
  4287 | D:5      | Reached skill level 7 in Axes
  4315 | D:5      | Found a glowing silver altar of Zin.
  4316 | D:5      | 4316 ||| Stepping ~*~*~tactically~*~*~ (stealth).
  4352 | D:5      | Identified the +1 leather armour "Zabeq" {Stlth+}
  4356 | D:5      | 4356 ||| Stepping ~*~*~tactically~*~*~ (stealth).
  4358 | D:5      | 4358 ||| Stepping ~*~*~tactically~*~*~ (hiding).
  4434 | D:5      | 4434 ||| Stepping ~*~*~tactically~*~*~ (stealth).
  4435 | D:5      | 4435 ||| Stepping ~*~*~tactically~*~*~ (stealth).
  4443 | D:5      | 4443 ||| Stepping ~*~*~tactically~*~*~ (hiding).
  4444 | D:5      | 4444 ||| Stepping ~*~*~tactically~*~*~ (hiding).
  4445 | D:5      | 4445 ||| FLEEEEING.
  4446 | D:5      | 4446 ||| Stepping ~*~*~tactically~*~*~ (hiding).
  4452 | D:5      | Reached XP level 8. HP: 41/49 MP: 8/8
  4526 | D:5      | Reached skill level 1 in Throwing
  4722 | D:5      | 4722 ||| Stepping ~*~*~tactically~*~*~ (hiding).
  4740 | D:5      | 4740 ||| FLEEEEING.
  4741 | D:5      | 4741 ||| FLEEEEING.
  4859 | D:5      | Noticed Pikel
  4873 | D:5      | HP: 2/49 [Pikel/puff of flame (11)]
  4874 | D:5      | 4874 ||| READING scroll of teleportation.
  4875 | D:5      | 4875 ||| DRINKING 2 potions of heal wounds.
  4876 | D:5      | 4876 ||| DRINKING potion of heal wounds.
  5009 | D:5      | Killed Pikel
  5010 | D:5      | Reached skill level 8 in Axes
  5065 | D:5      | 5065 ||| Stepping ~*~*~tactically~*~*~ (stealth).
  5077 | D:5      | Found a staircase to the Ecumenical Temple.
  5078 | D:5      | 5078 ||| PLANNING TEMPLE
  5078 | D:5      | 5078 ||| READING 2 scrolls of identify.
  5078 | D:5      | 5078 ||| IDENTIFYING cyan potion
  5085 | Temple   | Entered the Ecumenical Temple
  5111 | Temple   | Became a worshipper of Warmaster Okawaru
  5135 | Temple   | 5135 ||| PLANNING D:1-11
  5323 | D:6      | Reached XP level 9. HP: 29/54 MP: 9/9
  5535 | D:6      | HP: 9/55 [ice beast (13)]
  5536 | D:6      | Slain by an ice beast

Levels and vault maps discovered:
D:1:      dpeg_arrival_short_road, layout_loops_ring,
          hellmonk_ecumenical_altar_leap_of_faith, serial_shops,
          nicolae_shop_hallway_plus, wander_ebering_terrifying_dragon_lair
D:2:      layout_basic, chequers_serial_rivers_marsh, minivault_4, st_stairs_12,
          grunt_ministairs_1, eino_tiny_chamber, nrook_loot_triangle,
          minmay_misc_feat_tower, uniq_jessica, uniq_robin
D:3:      layout_loops_corners, nicolae_qazlal_general_emergency
D:4:      layout_basic, gammafunk_ghost_split, kennysheep_minor_cross,
          nicolae_figureground_pulse
D:5:      layout_rooms, old_standard_altar, minmay_temple_entry_tees,
          uniq_pikel, uniq_menkaure
D:6:      layout_cave_pods, lemuel_round_altar, tso_altar, serial_park,
          serial_park_paths [serial_park_minivault_5x5_2], serial_park_square3
          [serial_park_minivault_5x5_2], serial_park_square3
          [serial_park_minivault_5x5_3]
Temple:   hellmonk_temple_forest_ring

Skill      XL: |  1  2  3  4  5  6  7  8 |
---------------+-------------------------+-----
Axes           | 2 3 4 5 6 7 8 |  8.9
Fighting       | 4 5 |  5.8
Dodging        | 1 |  1.7
Throwing       | 1 |  1.7
Armour         | 4 |  4.2
Shields        | |  3.2

Action                   |  1- 3 |  4- 6 |  7- 9 || total
-------------------------+-------+-------+-------++-------
Melee: War axe           |    76 |   152 |   124 ||   352
Throw: Boomerang         |       |    37 |    19 ||    56
  Use: Scroll            |     5 |     6 |     2 ||    13
       Potion            |       |     1 |     2 ||     3
Armor: Scale mail        |    36 |    68 |       ||   104
       Chain mail        |       |    22 |   107 ||   129
Dodge: Dodged            |    39 |    63 |    50 ||   152
Block: Buckler           |    14 |    24 |    27 ||    65

Table legend:
 A = Non-vault XP
 B = Vault XP
 C = Vault XP percentage of total XP
 D = Non-vault monster count
 E = Vault monster count
 F = Vault count percentage of total count
                 A         B        C        D         E       F
            +---------+---------+-------+---------+---------+-------
      Total |    1355 |    1131 |  45.5 |     118 |      21 |  15.1
            +---------+---------+-------+---------+---------+-------
        D:1 |      33 |       1 |   2.9 |      21 |       1 |   4.5
        D:2 |      52 |      72 |  58.1 |      29 |      12 |  29.3
        D:3 |     145 |       0 |   0.0 |      22 |       0 |   0.0
        D:4 |     282 |       0 |   0.0 |      23 |       0 |   0.0
        D:5 |     833 |     816 |  49.5 |      22 |       2 |   8.3
        D:6 |      10 |     242 |  96.0 |       1 |       6 |  85.7
            +---------+---------+-------+---------+---------+-------
